 Dungeon Crawl Stone Soup version 0.23.0 (webtiles) character file.

Game seed: 8179075169569118573

287 Borgoz the Ducker (level 6, -8/38 HPs)
             Began as a Gargoyle Gladiator on Feb 9, 2019.
             Mangled by an ogre
             ... wielding a +0 giant spiked club
              (24 damage)
             ... on level 4 of the Dungeon.
             The game lasted 00:03:30 (3004 turns).

Borgoz the Ducker (Gargoyle Gladiator)              Turns: 3004, Time: 00:03:30

Health: -8/38      AC:  8    Str: 18    XL:     6   Next: 30%
Magic:  6/6        EV: 13    Int:  8    God:
Gold:   175        SH:  0    Dex: 13    Spells: 5/5 levels left

rFire    . . .     SeeInvis .   a - +0 war axe
rCold    . . .     Gourm    .   (no shield)
rNeg     + . .     Faith    .   b - +0 leather armour
rPois    ∞         Spirit   .   c - +0 helmet
rElec    +         Reflect  .   (no cloak)
rCorr    .         Harm     .   (no gloves)
MR       .....                  (no boots)
Stlth    +.........             (no amulet)
HPRegen  0.12/turn              (no ring)
MPRegen  0.10/turn              (no ring)

@: no status effects
A: negative energy resistance 1, electricity resistance, unbreathing,
petrification resistance, rot immunity, AC +4
a: no special abilities


You were on level 4 of the Dungeon.
You were not hungry.

You visited 1 branch of the dungeon, and saw 4 of its levels.

You collected 175 gold pieces.

Inventory:

Hand Weapons
 a - a +0 war axe (weapon)
Missiles
 d - 3 throwing nets (quivered)
 j - 18 poisoned needles
Armour
 b - a +0 leather armour (worn)
 c - a +0 helmet (worn)
Jewellery
 s - a +6 amulet of reflection {unknown}
Wands
 q - a wand of enslavement (7)
 t - a wand of acid (7)
Scrolls
 e - 2 scrolls of fog {unknown}
 i - 5 scrolls of identify {unknown}
 l - 2 scrolls of enchant armour {unknown}
 m - a scroll of remove curse {unknown}
 o - a scroll of immolation {unknown}
 r - a scroll of magic mapping {unknown}
Potions
 g - a potion of lignification {unknown}
 h - a potion of degeneration {unknown}
 k - a potion of curing
 n - a potion of flight {unknown}
 p - 2 potions of agility {unknown}
 u - a potion of magic {unknown}
Comestibles
 f - 6 rations


   Skills:
 + Level 3.6 Fighting
 + Level 3.6 Axes
 - Level 1.7 Throwing
 + Level 2.7 Armour
 * Level 4.0 Dodging


You had 5 spell levels left.
You didn't know any spells.
Your spell library was empty.

Dungeon Overview and Level Annotations

Branches:
Dungeon (4/15)
 Temple: D:4-7

Altars:
Hepliaklqana
Makhleb
Wu Jian


Innate Abilities, Weirdness & Mutations

You are resistant to torment.
Your stone body is resilient. (AC +4)
You are immune to poison.
You resist negative energy. (rN+)
You are resistant to electric shocks. (rElec)
You can survive without breathing.
You are immune to petrification.
You are immune to rotting.


Message History

The ogre shouts!
You barely miss the ogre.
The ogre hits you with a +0 giant spiked club!
You slash the ogre!
The ogre is moderately wounded.
The ogre misses you.
You slash the ogre!
The ogre is severely wounded.
The ogre hits you with a +0 giant spiked club!
You are too injured to fight recklessly!
You are too injured to fight recklessly!
You are too injured to fight recklessly!
You hit the ogre.
The ogre is severely wounded.
The ogre closely misses you.
You hit the ogre.
The ogre is almost dead.
The ogre hits you with a +0 giant spiked club!!
Ouch! That really hurt!
You die...

.
#.###.....#
#.........#
..........##
..##......#
. #......#
######.#
###.###
#.....#
#.@..)#
#.O...#
#.....#
#.....#
...####
#####


You could see an ogre.

Vanquished Creatures
  An orc warrior (D:4)
  A crimson imp (D:2)
  2 hounds (D:4)
  2 adders (D:2)
  2 worms (D:3)
  4 dart slugs
  5 orcs
  9 bats
  3 giant cockroaches
  6 goblins
  10 hobgoblins
  2 jackals (D:1)
  3 quokkas
  6 frilled lizards
  5 kobolds
  6 rats
67 creatures vanquished.

Notes
Turn   | Place    | Note
-------+----------+-------------------------------------------
     0 | D:1      | Borgoz the Gargoyle Gladiator began the quest for the Orb.
     0 | D:1      | Reached XP level 1. HP: 12/12 MP: 1/1
   111 | D:1      | Reached XP level 2. HP: 18/18 MP: 2/2
  1051 | D:2      | Reached skill level 1 in Armour
  1068 | D:2      | Reached XP level 3. HP: 15/22 MP: 3/3
  1363 | D:2      | Reached skill level 3 in Dodging
  1882 | D:2      | Found a hazy altar of Hepliaklqana.
  1936 | D:2      | Found a burning altar of Makhleb.
  1952 | D:2      | Reached XP level 4. HP: 20/27 MP: 4/4
  2410 | D:3      | Reached XP level 5. HP: 28/32 MP: 5/5
  2555 | D:3      | Found an ornate altar of the Wu Jian Council.
  2709 | D:4      | Noticed an orc warrior
  2725 | D:4      | Killed an orc warrior
  2743 | D:4      | Reached XP level 6. HP: 14/37 MP: 6/6
  2753 | D:4      | Reached skill level 4 in Dodging
  3004 | D:4      | Mangled by an ogre

Skill      XL: |  1  2  3  4  5  6 |
---------------+-------------------+-----
Armour         | 1 2 |  2.7
Axes           | 3 |  3.6
Dodging        | 3 4 |  4.0
Fighting       | 3 |  3.6
Throwing       | |  1.7

Action                   |  1- 3 |  4- 6 || total
-------------------------+-------+-------++-------
Melee: War axe           |   124 |   114 ||   238
  Use: Potion            |       |     2 ||     2
 Stab: Sleeping          |       |     1 ||     1
  Eat: Chunk             |     3 |     4 ||     7
Armor: Leather armour    |    50 |    45 ||    95
Dodge: Dodged            |   108 |   105 ||   213
